 Dungeon Crawl Stone Soup version 0.18.1-5-g4a78601 (webtiles) character file.

3514 imganon the Severer (level 10, -6/77 HPs)
             Began as a Hill Orc Berserker on May 14, 2016.
             Was an Elder of Trog.
             Mangled by an unseen horror (7 damage)
             ... on level 9 of the Dungeon.
             The game lasted 00:14:39 (9247 turns).

imganon the Severer (Hill Orc Berserker)            Turns: 9247, Time: 00:14:40

Health: -6/77      AC: 13    Str: 24    XL:     10   Next: 8%
Magic:  10/10      EV:  7    Int:  7    God:    Trog [****..]
Gold:   385        SH:  0    Dex: 10    Spells: 0 memorised, 9 levels left

rFire  + . .     SeeInvis .     a - +0 hand axe
rCold  . . .     Gourm    .     E - +0 plate armour
rNeg   . . .     Faith    .     (no shield)
rPois  .         Spirit   .     (no helmet)
rElec  .         Dismiss  .     h - +0 cloak
rCorr  .         Reflect  .     y - +0 pair of gloves
SustAt .         Harm     .     (no boots)
MR     +....                    (no amulet)
Stlth  ..........               B - ring of protection from magic
                                e - ring of protection from fire

@: flying, somewhat resistant to hostile enchantments, extremely unstealthy
A: no striking features
a: Berserk, Trog's Hand, Brothers in Arms, Burn Spellbooks, Renounce Religion


You were on level 9 of the Dungeon.
You worshipped Trog.
Trog was greatly pleased with you.
You were not hungry.

You visited 1 branch of the dungeon, and saw 9 of its levels.

You collected 603 gold pieces.
You spent 218 gold pieces at shops.

Inventory:

Hand Weapons
 a - a +0 hand axe (weapon)
Armour
 h - a +0 cloak (worn)
 l - a +1 ring mail of fire resistance
 y - a +0 pair of gloves (worn)
 E - a +0 plate armour (worn)
Jewellery
 e - a ring of protection from fire (left hand)
 s - an uncursed ring of resist corrosion
 B - a ring of protection from magic (right hand)
Wands
 F - a wand of disintegration (14/24)
Scrolls
 d - 3 scrolls of teleportation
 i - 2 scrolls of fog {unknown}
 j - 8 scrolls of identify
 k - a scroll of recharging
 r - a scroll of immolation {unknown}
 v - a scroll of amnesia {unknown}
 w - 4 scrolls of remove curse
 x - a scroll of magic mapping {unknown}
 z - 4 scrolls of enchant weapon {unknown}
 D - 3 scrolls of enchant armour {unknown}
Potions
 b - 2 potions of brilliance {unknown}
 f - a potion of cancellation {unknown}
 g - 3 potions of agility
 m - a potion of mutation {unknown}
 o - a potion of invisibility {unknown}
 p - 3 potions of degeneration {unknown}
 u - 2 potions of curing {unknown}
 A - 2 potions of flight
 C - 2 potions of haste {unknown}
 I - 3 potions of berserk rage {unknown}
 J - 2 potions of heal wounds {unknown}
Books
 H - a book of Conjurations

   Spells                             Type                      Level
   a - Magic Dart                     Conjuration                  1
   b - Searing Ray                    Conjuration                  2
   c - Dazzling Spray                 Conjuration/Hexes            3
   d - Fulminant Prism                Conjuration/Hexes            4
   e - Iskenderun's Mystic Blast      Conjuration                  4
   f - Iskenderun's Battlesphere      Conjuration/Charms           5
   Trog disapproves of the use of such an item.
Comestibles
 c - 6 bread rations
 n - 6 meat rations
 q - a fruit
 t - 2 beef jerkies
 G - a slice of pizza


   Skills:
 - Level 3.6 Fighting
 + Level 17.2 Axes
 - Level 2.1 Armour
 - Level 1.5 Dodging


You had 9 spell levels left.
You didn't know any spells.

Dungeon Overview and Level Annotations

Branches:
Dungeon (9/15)             Temple (0/1) D:7            Lair (0/8) D:9
    Orc: D:9-12

Altars:
Elyvilon
Kikubaaqudgha
The Shining One

Shops:
D:4 [   D:8 %


Message History

* * * LOW HITPOINT WARNING * * *
There is an open door here.
Something hits you but does no damage.
You see here a fruit.
You hit something. Something hits you.
* * * LOW HITPOINT WARNING * * *
You miss something. Something hits you but does no damage.
Something hits you but does no damage. x3
There is an open door here.
You miss something. Something hits you but does no damage. Something hits you.
* * * LOW HITPOINT WARNING * * *
You slash something! Something hits you but does no damage. Something hits you.
* * * LOW HITPOINT WARNING * * *
Unknown command.
Drink which item? (? for menu, Esc to quit)
It was a potion of flight.
You feel very buoyant.
You fly up into the air.
Something hits you but does no damage. Something hits you!
You die...

.......# #.................#
.#####.#######..#######........#
.# #..).......# #........# .#
#........### #......### .#
#..(.....# #......# .#
#........# #....###
.#####..########## #....#
.......####.#.#.%# #....#
.......#.#.#..##@# #....###
...........#..#%%######......#
+###'###.#.#..#.%#...........#
.<.....####.#.'%.#...........#
....)...##########......######
...........#............#
.........>.#............#
...........#............#
############............#


There were no monsters in sight!

Vanquished Creatures
  Prince Ribbit (D:6)
  Grinder (D:5)
  A hungry ghost (D:8)
  Duvessa (D:6)
  A black bear (D:6)
  2 orc warriors (D:8)
  A sky beast (D:9)
  3 ogres
  A phantom (D:8)
  5 centaurs
  2 giant frogs (D:8)
  Dowan (D:6)
  2 scorpions
  3 killer bees (D:8)
  3 spriggan skeletons (D:9)
  2 howler monkeys
  A troll skeleton (D:9)
  6 crimson imps
  3 centaur skeletons
  A giant frog zombie (D:3)
  Crazy Yiuf (D:5)
  3 hounds
  A giant frog skeleton (D:4)
  A centaur zombie (D:8)
  2 jellies
  4 orc wizards
  A gnoll shaman (D:8)
  An iguana (D:6)
  6 worker ants
  2 hound zombies
  3 gnolls (D:8)
  9 adders
  2 shadow imps
  An adder zombie (D:5)
  4 adder skeletons
  2 dart slugs (D:1)
  10 giant geckos
  13 orcs
  4 giant cockroaches
  12 goblins
  3 hobgoblins
  10 jackals
  3 quokkas
  3 ball pythons
  4 bats
  A giant gecko zombie (D:6)
  4 giant newts
  3 kobolds
  A quokka skeleton (D:5)
  A quokka zombie (D:5)
  6 rats
162 creatures vanquished.

Notes
Turn   | Place    | Note
--------------------------------------------------------------
     0 | D:1      | imganon the Hill Orc Berserker began the quest for the Orb.
     0 | D:1      | Reached XP level 1. HP: 19/19 MP: 1/1
   174 | D:1      | Reached XP level 2. HP: 11/26 MP: 2/2
   177 | D:1      | Reached skill level 5 in Axes
  1187 | D:2      | Reached XP level 3. HP: 31/31 MP: 3/3
  1684 | D:2      | Found a glowing golden altar of the Shining One.
  1684 | D:2      | Found an ancient bone altar of Kikubaaqudgha.
  1893 | D:3      | Reached ** piety under Trog
  1918 | D:3      | Reached skill level 6 in Axes
  2064 | D:3      | Reached XP level 4. HP: 30/39 MP: 4/4
  2276 | D:3      | Reached skill level 7 in Axes
  2436 | D:4      | Reached XP level 5. HP: 33/45 MP: 5/5
  2462 | D:4      | Found Axig Zaid's Antique Armour Boutique.
  2525 | D:4      | Noticed an ogre
  2529 | D:4      | Killed an ogre
  2529 | D:4      | Reached skill level 8 in Axes
  2636 | D:4      | Reached XP level 6. HP: 44/51 MP: 6/6
  2825 | D:4      | Reached skill level 9 in Axes
  2958 | D:4      | Bought a pitted cloak for 218 gold pieces
  2968 | D:4      | Identified the cursed -5 cloak of Roahong {*Corrode Str+2 Dex+6} (You bought it in a shop on level 4 of the Dungeon)
  3471 | D:4      | Reached skill level 10 in Axes
  3471 | D:4      | Reached XP level 7. HP: 51/57 MP: 7/7
  3583 | D:5      | Entered Level 5 of the Dungeon
  3587 | D:5      | Reached *** piety under Trog
  4031 | D:5      | Reached skill level 11 in Axes
  4178 | D:5      | Noticed Grinder
  4201 | D:5      | Killed Grinder
  4201 | D:5      | Reached XP level 8. HP: 45/64 MP: 8/8
  4300 | D:5      | Reached skill level 12 in Axes
  4574 | D:5      | Noticed Crazy Yiuf
  4579 | D:5      | Killed Crazy Yiuf
  4922 | D:6      | Noticed Duvessa
  4922 | D:6      | Noticed Dowan
  4934 | D:6      | Killed Duvessa
  4945 | D:6      | Killed Dowan
  5315 | D:6      | Reached skill level 13 in Axes
  5748 | D:6      | Noticed Prince Ribbit
  5774 | D:6      | Killed Prince Ribbit
  5780 | D:6      | Reached skill level 14 in Axes
  5903 | D:6      | Reached XP level 9. HP: 37/70 MP: 9/9
  6916 | D:7      | Found a staircase to the Ecumenical Temple.
  7057 | D:7      | Reached **** piety under Trog
  7505 | D:8      | Reached skill level 15 in Axes
  7846 | D:8      | Found Jusea's Food Shoppe.
  8211 | D:8      | Reached skill level 16 in Axes
  8760 | D:9      | Found a staircase to the Lair.
  8879 | D:9      | Found a white marble altar of Elyvilon.
  8936 | D:9      | Reached XP level 10. HP: 77/77 MP: 10/10
  9005 | D:9      | Reached skill level 17 in Axes
  9246 | D:9      | HP: 1/77 [something (6)]
  9247 | D:9      | Mangled by an unseen horror

Skill      XL: |  1  2  3  4  5  6  7  8  9 10 |
---------------+-------------------------------+-----
Axes           | 5 6 7 8 10 11 14 16 17 | 17.2
Fighting       | |  3.6
Armour         | |  2.1
Dodging        | |  1.5

Action                   |  1- 3 |  4- 6 |  7- 9 | 10-12 || total
-------------------------+-------+-------+-------+-------++-------
Melee: Hand axe          |   135 |   157 |   556 |    78 ||   926
Invok: Berserk           |     1 |     2 |    11 |       ||    14
       Burn Spellbooks   |       |       |     2 |       ||     2
  Use: Scroll            |       |     4 |       |       ||     4
       Potion            |       |       |       |     1 ||     1
  Eat: Chunk             |     5 |     6 |    23 |     1 ||    35
       Fruit             |       |     1 |     2 |       ||     3
       Bread ration      |       |       |     1 |       ||     1
Armor: Ring mail         |    58 |    61 |   104 |       ||   223
       Animal skin       |     1 |       |       |       ||     1
       Plate armour      |       |       |    83 |    51 ||   134
Dodge: Dodged            |    76 |    94 |   180 |    17 ||   367
